 Dungeon Sprint DCSS version 0.29-a0-337-g68df138881 (webtiles) character file.

Game seed: 7801699794725976907

1875 mhtbhm the Fighter (level 9, -2/126 HPs)
             Began as a Human Berserker on Apr 16, 2022.
             Was a High Priest of Trog.
             Slain by a centaur warrior (3 damage)
             ... in the Dungeon (Sprint IX: "|||||||||||||||||||||||||||||").
             The game lasted 00:01:01 (636 turns).

mhtbhm the Fighter (Human Berserker)                 Turns: 636, Time: 00:01:01

Health: -2/126     AC: 14    Str: 25    XL:     9   Next: 36%
Magic:  9/9        EV: 11    Int:  8    God:    Trog [*****.]
Gold:   0          SH:  0    Dex: 15    Spells: 8/8 levels left

rFire   . . .      SeeInvis .   a - +2 scimitar (holy)
rCold   . . .      Faith    .   (no shield)
rNeg    . . .      Spirit   .   b - +1 chain mail
rPois   .          Reflect  .   (no helmet)
rElec   .          Harm     .   l - +0 cloak
rCorr   .          Rampage  .   k - +0 pair of gloves
Will    .....      NoTele   +   (no boots)
Stlth   ..........              (no amulet)
HPRegen 0.31/turn               m - +3 ring of dexterity
MPRegen 0.11/turn               n - +3 ring of strength

@: berserking (expiring), very quick
A: no striking features
a: Renounce Religion, Berserk, Trog's Hand, Brothers in Arms


You were in the Dungeon.
You worshipped Trog.
Trog was extremely pleased with you.
You visited 1 branch

Inventory:

Hand Weapons
 a - a +2 scimitar of holy wrath (weapon)
Armour
 b - a +1 chain mail (worn)
 k - a +0 pair of gloves (worn)
 l - a +0 cloak (worn)
Jewellery
 m - a +3 ring of dexterity (left hand)
 n - a +3 ring of strength (right hand)
Wands
 j - a wand of acid (7)
Scrolls
 h - 2 scrolls of blinking
Potions
 c - 5 potions of curing
 d - a potion of heal wounds
 e - a potion of haste
 f - 4 potions of magic
 g - a potion of berserk rage
 i - a potion of invisibility


   Skills:
 + Level 12.6 Fighting
 + Level 12.6 Long Blades
 + Level 7.6 Armour
 + Level 7.0 Dodging
 + Level 1.8 Evocations


You had 8 spell levels left.
You didn't know any spells.
Your spell library was empty.

Dungeon Overview and Level Annotations

Branches:
Dungeon (1/1)

Altars:
Cheibriados
Dithmenos
Elyvilon
Fedhas
Gozag
Hepliaklqana
Kikubaaqudgha
Makhleb
Nemelex Xobeh
Okawaru
Qazlal
Ru
Sif Muna
Trog
Uskayaw
Vehumet
Wu Jian
Xom
Yredelemnul
Zin
The Shining One
Beogh
Jiyva
Lugonu


Message History

The two-headed ogre barely misses you.
Items here: ) [ ††.
You slice the two-headed ogre!!
The two-headed ogre is heavily wounded.
You hit the two-headed ogre.
The two-headed ogre is heavily wounded.
You slice the two-headed ogre!!
The two-headed ogre is almost dead.
The two-headed ogre closely misses you. The two-headed ogre misses you.
You hit the two-headed ogre.
You feel the power of Trog in you as your rage grows.
You kill the two-headed ogre!
Trog accepts your kill.
The centaur warrior wields a +0 shortbow.
The centaur warrior shoots an arrow.
The arrow hits you!!
* * * LOW HITPOINT WARNING * * *
Your Fighting skill increases to level 12!
Your Long Blades skill increases to level 12!
Your Armour skill increases to level 7!
Your Dodging skill increases to level 7!
You have reached level 9!
Your experience leads to an increase in your attributes!
Your base attributes are Str 20, Int 8, Dex 12.
Increase (S)trength, (I)ntelligence, or (D)exterity?
You feel stronger. x2
The centaur warrior unwields a +0 shortbow.
The centaur warrior hits you.
* * * LOW HITPOINT WARNING * * *
The centaur warrior barely misses you.
Things that are here:
a +0 giant club; a +0 giant spiked club; a two-headed ogre corpse You slash the centaur warrior!
The centaur warrior is lightly wounded.
The centaur warrior barely misses you. The centaur warrior closely misses you.
You hit the centaur warrior.
The centaur warrior is moderately wounded.
The centaur warrior hits you.
* * * LOW HITPOINT WARNING * * *
The centaur warrior kicks you.
You die... ▓▓▓▓▓▓▓▓▓▓▓▓▓▓▓▓▓▓▓▓▓▓ +..hc@)[....))'...[..) ▓▓▓▓▓▓▓▓▓▓▓▓▓▓▓▓▓▓▓▓▓▓

You could see a centaur warrior and a howler monkey.

Vanquished Creatures
  A two-headed ogre (D)
  An ugly thing (D)
  An unseen horror (D)
  2 yaks (D)
  An acid dragon (D)
  An orc warrior (D)
  A sky beast (D)
  An orc wizard (D)
  An adder (D)
  A worm (D)
  An orc (D)
  A hobgoblin (D)
  A jackal (D)
  A bat (D)
  A frilled lizard (D)
  2 kobolds (D)
18 creatures vanquished.

Vanquished Creatures (others)
  A wraith (D)
  An orc wizard (D)
2 creatures vanquished.

Grand Total: 20 creatures vanquished

Notes
Turn   | Place    | Note
-------+----------+-------------------------------------------
     0 | D        | mhtbhm the Human Berserker began the quest for the Orb.
     0 | D        | Reached XP level 1. HP: 18/18 MP: 1/1
    14 | D        | Reached ** piety under Trog
   124 | D        | Noticed a sky beast
   132 | D        | Killed a sky beast
   133 | D        | Reached XP level 2. HP: 7/28 MP: 2/2
   133 | D        | Reached XP level 3. HP: 8/34 MP: 3/3
   133 | D        | Reached XP level 4. HP: 10/40 MP: 4/4
   134 | D        | Reached *** piety under Trog
   136 | D        | Reached XP level 5. HP: 12/46 MP: 5/5
   272 | D        | Found a snail-covered altar of Cheibriados.
   272 | D        | Found a shadowy altar of Dithmenos.
   272 | D        | Found a white marble altar of Elyvilon.
   272 | D        | Found a blossoming altar of Fedhas.
   272 | D        | Found an opulent altar of Gozag.
   283 | D        | Found a hazy altar of Hepliaklqana.
   284 | D        | Found a viscous altar of Jiyva.
   285 | D        | Found an ancient bone altar of Kikubaaqudgha.
   286 | D        | Found a corrupted altar of Lugonu.
   287 | D        | Found a burning altar of Makhleb.
   288 | D        | Found a sparkling altar of Nemelex Xobeh.
   289 | D        | Found an iron altar of Okawaru.
   290 | D        | Found a stormy altar of Qazlal.
   291 | D        | Found a sacrificial altar of Ru.
   292 | D        | Found a shimmering blue altar of Sif Muna.
   293 | D        | Found a bloodstained altar of Trog.
   294 | D        | Found a hide-covered altar of Uskayaw.
   295 | D        | Found a radiant altar of Vehumet.
   296 | D        | Found an ornate altar of the Wu Jian Council.
   297 | D        | Found a shimmering altar of Xom.
   298 | D        | Found a basalt altar of Yredelemnul.
   299 | D        | Found a glowing silver altar of Zin.
   300 | D        | Found a glowing golden altar of the Shining One.
   441 | D        | Noticed an orc warrior
   441 | D        | Noticed a wraith
   441 | D        | Noticed a yak
   441 | D        | Noticed a yak
   445 | D        | Killed a yak
   446 | D        | Reached XP level 6. HP: 56/56 MP: 6/6
   452 | D        | Killed a yak
   452 | D        | Reached **** piety under Trog
   453 | D        | Reached skill level 5 in Dodging
   453 | D        | Reached XP level 7. HP: 64/64 MP: 7/7
   461 | D        | HP: 3/64 [something (3)]
   466 | D        | Killed a wraith
   467 | D        | Reached skill level 10 in Fighting
   467 | D        | Reached skill level 10 in Long Blades
   467 | D        | Reached skill level 5 in Armour
   467 | D        | Killed an unseen horror
   468 | D        | Reached XP level 8. HP: 41/74 MP: 8/8
   613 | D        | Noticed a centaur warrior
   613 | D        | Noticed a two-headed ogre
   613 | D        | Noticed a cyan ugly thing
   619 | D        | Reached skill level 1 in Evocations
   628 | D        | Killed a cyan ugly thing
   628 | D        | Reached ***** piety under Trog
   633 | D        | Killed a two-headed ogre
   634 | D        | Reached XP level 9. HP: 8/84 MP: 9/9
   634 | D        | HP: 3/126 [centaur warrior (5)]
   636 | D        | HP: 1/126 [centaur warrior (3)]
   636 | D        | Slain by a centaur warrior

Illustrated notes

Levels and vault maps discovered:
D:        linesprint [early_d, line_temple, items_1, d_10, items_2, lair_1,
          lair_end, items_3, orc_1, orc_end, items_4, d_15, swamp_1, shoals_1,
          snake_1, spider_1, d_20, vaults_1, items_5, swamp_end, shoals_end,
          snake_end, spider_end, vaults_end, d_27, items_6, zot_1, zot_end,
          crypt_end, forest_end, elf_end, slime_end, tomb_end, abyss_end,
          pan_hell_end]

Skill      XL: |  1  2  3  4  5  6  7  8 |
---------------+-------------------------+-----
Fighting       | 6 8 9 10 12 | 12.6
Long Blades    | 6 8 9 10 12 | 12.6
Armour         | 3 4 5 7 |  7.6
Dodging        | 3 4 5 6 7 |  7.0
Evocations     | 1 |  1.8

Action                   |  1- 3 |  4- 6 |  7- 9 || total
-------------------------+-------+-------+-------++-------
Melee: Falchion          |    20 |     9 |       ||    29
       Punch             |     1 |       |       ||     1
       Scimitar          |       |    10 |    29 ||    39
Invok: Berserk           |     2 |     1 |     1 ||     4
Evoke: Wand              |       |       |     3 ||     3
  Use: Potion            |       |       |     2 ||     2
Armor: Animal skin       |     1 |       |       ||     1
       Chain mail        |       |     3 |    17 ||    20
Dodge: Dodged            |     9 |     5 |     7 ||    21

Table legend: (Time is in decaauts)
 A = Elapsed time spent in this place.
 B = Non-inter-level travel time spent in this place.
 C = Inter-level travel time spent in this place.
 D = Time resting spent in this place.
 E = Time spent auto-exploring this place.
 F = Levels seen in this place.
 G = Mean time per level.
                   A        B        C        D        E       F      G
               +--------+--------+--------+--------+--------+-----+--------+
         Total |    648 |    648 |      0 |    462 |      3 |   1 |  648.0 |
       Dungeon |    648 |    648 |      0 |    462 |      3 |   1 |  648.0 |
               +--------+--------+--------+--------+--------+-----+--------+

Top non-repeatable levels by time:
       D: 648 daAuts
